 Dungeon Crawl Stone Soup version 0.31-a0-981-geadf994542 (webtiles) character file.

Game seed: 387142565775079502

72 wildpjah the Ducker (level 4, -8/32 HPs)
             Began as a Djinni Hedge Wizard on Oct 31, 2023.
             Mangled by Crazy Yiuf
             ... wielding a +3 quarterstaff of chaos
              (10 damage)
             ... on level 2 of the Dungeon.
             The game lasted 00:05:12 (1531 turns).

wildpjah the Ducker (Djinni Hedge Wizard)           Turns: 1531, Time: 00:05:13

Health: -8/32      AC:  2    Str: 11    XL:     4   Next: 50%
Gold:   66         EV: 13    Int: 15    God:
                   SH:  0    Dex: 13

rFire   + + .        g - +0 short sword (freeze)
rCold   x . .        (no shield)
rNeg    . . .        b - +0 robe
rPois   ∞            c - +0 hat
rElec   .            (no cloak)
rCorr   .            (no gloves)
SInv    .            (boots unavailable)
Will    .....        (no amulet)
Stlth   ++           (no ring)
HPRegen 0.25/turn    (no ring)
MPRegen 0.00/turn

%: infuse magic (-9 HP)
@: flying
A: sickness immunity, fire resistance 2, cold vulnerability 1, float, innate
caster, HP casting, extra vitality 1
a: no special abilities


You were on level 2 of the Dungeon.
You visited 1 branch of the dungeon, and saw 2 of its levels.

You collected 66 gold pieces.

Inventory:

Hand Weapons
 a - a +0 dagger
 g - a +0 short sword of freezing (weapon)
Armour
 b - a +0 robe (worn)
 c - a +0 hat (worn)
Scrolls
 d - 3 scrolls of identify {unknown}
 e - 2 scrolls of fog {unknown}
 f - a scroll of poison {unknown}
 h - a scroll of brand weapon {unknown}
 i - a scroll of enchant weapon {unknown}
 j - a scroll of revelation {unknown}
 n - a scroll of blinking {unknown}
Potions
 k - a potion of degeneration {unknown}
 l - 2 potions of brilliance {unknown}
 m - a potion of invisibility {unknown}


   Skills:
 * Level 1.2 Fighting
 + Level 0.1 Short Blades
 + Level 3.2 Dodging
 + Level 2.5 Stealth
 * Level 3.1 Spellcasting
 * Level 3.1 Conjurations
 * Level 3.1 Hexes
 * Level 3.1 Summonings
 * Level 3.1 Necromancy
 * Level 3.1 Translocations
 * Level 3.1 Transmutations
 * Level 3.1 Fire Magic
 * Level 3.1 Ice Magic
 * Level 3.1 Air Magic
 * Level 3.1 Earth Magic
 * Level 3.1 Poison Magic


You knew the following spells:

 Your Spells              Type           Power      Damage    Failure   Level
a - Magic Dart            Conj           44%        1d5       5%          1
b - Slow                  Hex            44%        N/A       5%          1
c - Blink                 Tloc           22%        N/A       9%          2
d - Call Imp              Summ           22%        N/A       9%          2
e - Mephitic Cloud        Conj/Pois/Air  11%        N/A       17%         3
f - Sandblast             Erth           22%        2d7       5%          1
Your spell library was empty.

Dungeon Overview and Level Annotations

Branches:
Dungeon (2/15)

Altars:

Shops:
D:2 *

Annotations:
D:2 Crazy Yiuf


Innate Abilities, Weirdness & Mutations

You are immune to sickness and miasma.
You are immune to poison.
Your flesh is very heat resistant. (rF++)
You are vulnerable to cold. (rC-)
You float through the air rather than walking.
You learn spells naturally, not from books.
Your magical power is your life essence.
You have superior vitality. (+4 MHP)


Message History

You reach down and open the door.
Your cerulean imp hits Crazy Yiuf from afar with a -3 spear.
Aiming: Sandblast (safe; 5% risk of failure)
Press: ? - help, Q - select action, (/) - cycle Shift-Dir - straight line, f - Crazy Yiuf
Aim: Crazy Yiuf, wielding a +3 quarterstaff of chaos and wearing a +1 cloak (lightly wounded, ally target, 84% to hit)
The blast of sand hits Crazy Yiuf.
Crazy Yiuf is lightly wounded.
Crazy Yiuf sings, "Trees, trees, trees, circus!"
Crazy Yiuf hits you with a +3 quarterstaff of chaos!!
Ouch! That really hurt!
* * * LOW HITPOINT WARNING * * *
Your cerulean imp barely misses Crazy Yiuf.
You swap places.
Crazy Yiuf hits your cerulean imp with a +3 quarterstaff of chaos.
Your cerulean imp seems to grow stronger.
Your cerulean imp hits Crazy Yiuf with a -3 spear.
Crazy Yiuf hits your cerulean imp with a +3 quarterstaff of chaos!
Your cerulean imp dies!
Your cerulean imp disappears in a puff of smoke!
Aiming: Slow (safe; 5% risk of failure)
Press: ? - help, Q - select action, (/) - cycle Shift-Dir - straight line, f/p - Crazy Yiuf
Aim: Crazy Yiuf, wielding a +3 quarterstaff of chaos and wearing a +1 cloak (heavily wounded, chance to affect: 53%) Crazy Yiuf resists with significant effort.
* * * LOW HITPOINT WARNING * * *
Aiming: Slow (safe; 5% risk of failure)
Press: ? - help, Q - select action, (/) - cycle Shift-Dir - straight line, f/p - Crazy Yiuf
Aim: Crazy Yiuf, wielding a +3 quarterstaff of chaos and wearing a +1 cloak (blue smoke, heavily wounded, chance to affect: 53%) Crazy Yiuf resists with significant effort.
* * * LOW HITPOINT WARNING * * *
Crazy Yiuf says, "Citrus wrapper King!"
Crazy Yiuf says, "Crazy?
Crazy!?
PORCUPINE!"
Crazy Yiuf attacks as he pursues you! Crazy Yiuf barely misses you.
Crazy Yiuf attacks as he pursues you!
Crazy Yiuf hits you with a +3 quarterstaff of chaos!
* * * LOW HITPOINT WARNING * * *
You don't have enough health to cast this spell.
You barely miss Crazy Yiuf.
Crazy Yiuf is heavily wounded.
Crazy Yiuf hits you with a +3 quarterstaff of chaos!
You die...

#.###........>....†.....>#
#.##....##.###########...#
#.##.....†.# #####
#...⌠.⌠.#### #....∩.##
####⌠.⌠# ####♣♣ ### #..###
##..+P♣♣ ♣♣#..)# #.###
#.....P♣♣♣♣.'...# ###...##
#.^..P@g♣..♣#...#
.#.....####...+..♣.♣♣♣ ###
.............##♣♣♣♣♣
.#.....#.##..#
##...#.#.##..#
#..###..##### #.## ##.#
#.## ##.# ## ##


You could see Crazy Yiuf.

Vanquished Creatures
  3 adders (D:2)
  A dart slug (D:1)
  4 ball pythons
  2 endoplasms
  4 giant cockroaches
  5 goblins
  3 hobgoblins (D:2)
  3 kobolds
  3 quokkas
  4 bats
  2 frilled lizards (D:1)
  2 rats (D:1)
36 creatures vanquished.

Vanquished Creatures (collateral kills)
  A dart slug (D:2)
  A goblin (D:2)
2 creatures vanquished.

Grand Total: 38 creatures vanquished

Notes
Turn   | Place    | Note
-------+----------+-------------------------------------------
     0 | D:1      | wildpjah the Djinni Hedge Wizard began the quest for the
                  | Orb.
     0 | D:1      | wildpjah set off with the following spells memorised: Magic
                  | Dart, Slow, Blink, Call Imp, Mephitic Cloud.
     0 | D:1      | Reached XP level 1. HP: 15/15 MP: 0/0
    89 | D:1      | Reached XP level 2. HP: 13/21 MP: 0/0
   411 | D:1      | Reached XP level 3. HP: 23/25 MP: 0/0
   411 | D:1      | Learned a level 1 spell: Sandblast
   916 | D:2      | Found a faded altar of an unknown god.
  1031 | D:2      | Reached XP level 4. HP: 30/31 MP: 0/0
  1208 | D:2      | Reached skill level 1 in Fighting
  1304 | D:2      | Found Toneolar's Assorted Antiques.
  1517 | D:2      | Found a runed translucent door.
  1518 | D:2      | Noticed Crazy Yiuf
  1531 | D:2      | Mangled by Crazy Yiuf

Illustrated notes

Levels and vault maps discovered:
D:1:      dpeg_arrival_three_smaller_balls, layout_basic,
          minmay_tree_intersection
D:2:      layout_loops_cross, ebering_ecumenical_altar_webs, serial_shops,
          shop_fountains, uniq_crazy_yiuf_cottage

Skill      XL: |  1  2  3  4 |
---------------+-------------+-----
Stealth        | 2 |  2.5
Dodging        | 3 |  3.2
Spellcasting   | 3 |  3.1
Conjurations   | 3 |  3.1
Hexes          | 3 |  3.1
Summonings     | 3 |  3.1
Necromancy     | 3 |  3.1
Translocations | 3 |  3.1
Transmutations | 3 |  3.1
Fire Magic     | 3 |  3.1
Ice Magic      | 3 |  3.1
Air Magic      | 3 |  3.1
Earth Magic    | 3 |  3.1
Poison Magic   | 3 |  3.1
Fighting       | 1 |  1.2
Short Blades   | |  0.1

Action                     |  1- 3 |  4- 6 || total
---------------------------+-------+-------++-------
  Melee: Dagger            |     3 |       ||     3
         Short sword       |     7 |     9 ||    16
   Cast: Magic Dart        |    48 |    20 ||    68
         Call Imp          |       |     4 ||     4
         Sandblast         |       |     3 ||     3
         Slow              |       |     2 ||     2
   Stab: Sleeping          |     1 |       ||     1
 Armour: Robe              |     8 |     8 ||    16
  Dodge: Dodged            |    12 |     7 ||    19

Table legend: (Time is in decaauts)
 A = Elapsed time spent in this place.
 B = Non-inter-level travel time spent in this place.
 C = Inter-level travel time spent in this place.
 D = Time resting spent in this place.
 E = Time spent auto-exploring this place.
 F = Levels seen in this place.
 G = Mean time per level.
                   A        B        C        D        E       F      G
               +--------+--------+--------+--------+--------+-----+--------+
         Total |   1531 |   1393 |    138 |      0 |   1186 |   2 |  765.5 |
       Dungeon |   1531 |   1393 |    138 |      0 |   1186 |   2 |  765.5 |
               +--------+--------+--------+--------+--------+-----+--------+

Top non-repeatable levels by time:
     D:1: 895 daAuts
     D:2: 636 daAuts
